 Dungeon Crawl Stone Soup version 0.32-a0-872-g59262bdc9b (webtiles) character file.

Game seed: 13619684706349097646

10 Biggs the Shooter (level 2, 22/22 HPs)
             Began as a Coglin Hunter on Mar 30, 2024.
             Was a Follower of Kikubaaqudgha.
             Quit the game on level 1 of the Dungeon.
             The game lasted 00:00:32 (182 turns).

Biggs the Shooter (Coglin Hunter)                    Turns: 182, Time: 00:00:33

Health: 22/22      AC:  3    Str: 11    XL:     2   Next: 20%
Magic:  2/2        EV: 11    Int:  8    God:    Kikubaaqudgha [*.....]
Gold:   43         SH:  0    Dex: 17    Spells: 1/1 levels left

rFire   . . .        a - +2 sling {Sebastián}
rCold   . . .        d - +0 sling {Thatsani}
rNeg    . . .        c - +0 leather armour
rPois   .            (no helmet)
rElec   .            (no cloak)
rCorr   .            (no gloves)
SInv    .            (no boots)
Will    .....        (amulet unavailable)
Stlth   ++           (ring unavailable)
HPRegen 0.23/turn    (ring unavailable)
MPRegen 0.08/turn    (no gizmo)

%: no passive effects
@: no status effects
A: off-hand wielding, slow wielding, warmup strikes, no jewellery
a: Invent Gizmo, Renounce Religion, Unearth Wretches


You were on level 1 of the Dungeon.
You worshipped Kikubaaqudgha.
Kikubaaqudgha was aware of your devotion.
You visited 1 branch of the dungeon, and saw 1 of its levels.

You collected 43 gold pieces.

Inventory:

Hand Weapons
 a - a +2 sling (weapon) {Sebastián}
 d - a +0 sling (offhand) {Thatsani}
Armour
 c - a +0 leather armour (worn)
Scrolls
 b - a scroll of butterflies
 f - a scroll of immolation {unknown}
 h - a scroll of blinking {unknown}
Potions
 e - 2 potions of ambrosia {unknown}
 g - a potion of enlightenment {unknown}


   Skills:
 - Level 2.0 Fighting
 + Level 4.1 Ranged Weapons
 - Level 1.7 Dodging
 - Level 0.7 Stealth


You had one spell level left.
You didn't know any spells.
Your spell library contained the following spells:

 Spells                   Type           Power      Damage    Failure   Level
 Necrotise                Necr           0%         1d4       50%         1
 Cigotuvi's Dreadful Rot  Necr/Alch/Air  0%         N/A       65%         2
 Sublimation of Blood     Necr           0%         N/A       65%         2
 Animate Dead             Necr           0%         N/A       99%         4


Dungeon Overview and Level Annotations

Branches:
Dungeon (1/15)

Altars:
Kikubaaqudgha


Innate Abilities, Weirdness & Mutations

You can wield a second weapon in your off-hand.
It takes a long time for you to wield or remove held weapons.
Your first few attacks do less damage.
You cannot equip rings or amulets.


Message History

Unknown command.
You shoot a sling bullet.
The sling bullet barely misses the goblin.
You shoot a sling bullet.
The sling bullet barely misses the goblin.
The goblin hits you but does no damage.
Unknown command.
Unknown command.
The goblin attacks as it pursues you! The goblin hits you but does no damage.
You shoot a sling bullet.
The sling bullet closely misses the goblin.
You shoot a sling bullet.
The sling bullet closely misses the goblin.
The goblin barely misses you. The goblin attacks as it pursues you!
The goblin hits you but does no damage.
Unknown command.
Unknown command.
You shoot a sling bullet. The sling bullet hits the goblin.
You kill the goblin!
You shoot a sling bullet.
Unknown command.
No target in view!
Unknown command.
An endoplasm comes into view.
The endoplasm quivers.
You shoot a sling bullet. The sling bullet hits the endoplasm!
You kill the endoplasm!
You shoot a sling bullet.
No target in view!
Unknown command.
There is a faded altar of an unknown god here.
This altar belongs to (a) Dithmenos, (b) Kikubaaqudgha or (c) Fedhas, but you can't tell which.
Press the corresponding letter to learn more about a god, or press enter to convert or escape to cancel.
Kikubaaqudgha accepts your prayer! Kikubaaqudgha welcomes you!
You can now bring forth the wretched and dying.
Kikubaaqudgha grants you a gift!
You add the spells Necrotise, Cigotuvi's Dreadful Rot, Sublimation of Blood and Animate Dead to your library.
Unknown command.
Press < or > to pray at altars.
Are you sure you want to abandon this character and quit the game? (Confirm with "yes".)

.######.##### #.#
..†.........#####.###
.######.###.........#
#######.#........##.##
..........####.#.##..#####
#######.#####∩..∩..∩..♣..ß
# #..>...........))... #
#######............. #
#∩..@..ß..∩..ß #
#............. #
#............. #
#...∩..∩..♣... #
##............. #
#.............. #
#.ß..ß..∩..♣...
#..............
#..............


There were no monsters in sight!

Vanquished Creatures
  An endoplasm (D:1)
  A hobgoblin (D:1)
  2 kobolds (D:1)
  2 bats (D:1)
  A frilled lizard (D:1)
  2 goblins (D:1)
  A rat (D:1)
10 creatures vanquished.

Notes
Turn   | Place    | Note
-------+----------+-------------------------------------------
     0 | D:1      | Biggs the Coglin Hunter began the quest for the Orb.
     0 | D:1      | Reached XP level 1. HP: 16/16 MP: 1/1
   124 | D:1      | Reached skill level 4 in Ranged Weapons
   124 | D:1      | Reached XP level 2. HP: 22/22 MP: 2/2
   124 | D:1      | Found a faded altar of an unknown god.
   181 | D:1      | Prayed at the altar of an unknown god.
   181 | D:1      | Became a worshipper of Kikubaaqudgha
   181 | D:1      | Reached * piety under Kikubaaqudgha
   181 | D:1      | Received a gift from Kikubaaqudgha
   182 | D:1      | Quit the game

Illustrated notes

Levels and vault maps discovered:
D:1:      scummos_arrival_simple_fountains, layout_loops_ring,
          hellmonk_ecumenical_altar_arch_garden

Skill      XL: |  1 |
---------------+----+-----
Ranged Weapons | 4 |  4.1
Fighting       | |  2.0
Dodging        | |  1.7
Stealth        | |  0.7

Action                     || total
---------------------------++-------
   Fire: Sling             ||    34
 Armour: Leather armour    ||     4
  Dodge: Dodged            ||     4

Table legend: (Time is in decaauts)
 A = Elapsed time spent in this place.
 B = Non-inter-level travel time spent in this place.
 C = Inter-level travel time spent in this place.
 D = Time resting spent in this place.
 E = Time spent auto-exploring this place.
 F = Levels seen in this place.
 G = Mean time per level.
                   A        B        C        D        E       F      G
               +--------+--------+--------+--------+--------+-----+--------+
         Total |    186 |    186 |      0 |      0 |    135 |   1 |  186.0 |
       Dungeon |    186 |    186 |      0 |      0 |    135 |   1 |  186.0 |
               +--------+--------+--------+--------+--------+-----+--------+

Top non-repeatable levels by time:
     D:1: 186 daAuts
